 Dungeon Crawl Stone Soup version 0.28-a0-1616-g050a50673c (webtiles) character file.

Game seed: 5451068927487721493

291 southernslant the Skirmisher (level 6, -6/47 HPs)
             Began as a Demonspawn Fighter on Jan 22, 2022.
             Killed by divine providence
             ... invoked by an orc priest
              (10 damage)
             ... on level 5 of the Dungeon.
             The game lasted 00:05:33 (4053 turns).

southernslant the Skirmisher (Demonspawn Fighter)   Turns: 4053, Time: 00:05:33

Health: -6/47      AC:  6    Str: 18    XL:     6   Next: 10%
Magic:  6/6        EV: 12    Int: 10    God:
Gold:   180        SH:  4    Dex: 12    Spells: 6/6 levels left

rFire   . . .      SeeInvis .   a - +0 trident
rCold   . . .      Faith    .   c - +0 buckler
rNeg    . . .      Spirit   .   b - +0 scale mail
rPois   .          Reflect  .   (no helmet)
rElec   .          Harm     .   (no cloak)
rCorr   .          Rampage  .   (no gloves)
Will    .....                   (no boots)
Stlth   ..........              (no amulet)
HPRegen 0.15/turn               (no ring)
MPRegen 0.10/turn               (no ring)

@: mighty
A: repulsion field 2, demonic touch 1
a: no special abilities


You were on level 5 of the Dungeon.
You visited 1 branch of the dungeon, and saw 5 of its levels.

You collected 180 gold pieces.

Inventory:

Hand Weapons
 a - a +0 trident (weapon)
Missiles
 i - 95 stones (quivered)
 o - 4 poisoned darts
Armour
 b - a +0 scale mail (worn)
 c - a +0 buckler (worn)
Jewellery
 h - a +4 ring of evasion
 s - an amulet of faith
Scrolls
 f - a scroll of teleportation {unknown}
 j - 4 scrolls of identify {unknown}
 k - a scroll of fog {unknown}
 l - a scroll of enchant weapon {unknown}
 p - a scroll of immolation {unknown}
 r - a scroll of blinking {unknown}
Potions
 e - a potion of curing
 g - a potion of cancellation {unknown}
 m - a potion of brilliance {unknown}
 n - 2 potions of flight {unknown}
 q - a potion of attraction {unknown}
 t - a potion of ambrosia {unknown}


   Skills:
 + Level 3.6 Fighting
 * Level 3.1 Polearms
 + Level 1.3 Throwing
 + Level 3.1 Armour
 * Level 2.2 Dodging
 + Level 1.7 Stealth
 + Level 3.3 Shields
 + Level 0.5 Spellcasting
 + Level 0.5 Conjurations


You had 6 spell levels left.
You didn't know any spells.
Your spell library contained the following spells:

 Spells                   Type           Power      Damage    Failure   Level
 Foxfire                  Conj/Fire      0%         2x1d4     80%         1
 Corpse Rot               Necr/Air       0%         N/A       92%         2
 Poisonous Vapours        Pois/Air       0%         N/A       92%         2
 Conjure Flame            Conj/Fire      0%         6-21      99%         3
 Inner Flame              Hex/Fire       0%         N/A       99%         3
 Flame Wave               Conj/Fire      0%         2d4       100%        4
 Alistair's Intoxication  Tmut/Pois      0%         N/A       100%        5
 Borgnjor's Vile Clutch   Necr/Erth      0%         N/A       100%        5
 Eringya's Noxious Bog    Tmut/Pois      0%         N/A       100%        6


Dungeon Overview and Level Annotations

Branches:
Dungeon (5/15)
 Temple: D:4-7

Altars:

Shops:
D:2 [


Innate Abilities, Weirdness & Mutations

You are surrounded by a moderate repulsion field. (EV +3)
Your touch may inflict minor irresistible damage on your foes.


Message History

The black bear claws you.
The hound pauses to sniff the ground.
You block the black bear's attack. The black bear barely misses you.
The black bear claws you but does no damage.
You hit the black bear.
The black bear is almost dead.
You block the black bear's attack.
The black bear claws you but does no damage.
The black bear barely misses you.
The black bear bites you but does no damage.
The black bear claws you. The black bear barely misses you.
You completely miss the black bear.
The black bear is almost dead.
The black bear bites you. You block the black bear's attack.
The black bear claws you.
The orc priest calls down the wrath of Beogh upon you.
Beogh smites you!
You puncture the black bear!
You kill the black bear!
Your Polearms skill increases to level 3!
Your Dodging skill increases to level 2!
You puncture the hound!
The hound is heavily wounded.
You block the hound's attack. The hound bites you but does no damage.
You puncture the hound!
You kill the hound!
The orc priest looks satisfied for a moment.
The orc priest calls down the wrath of Beogh upon you.
Beogh smites you!
You have reached level 6!
You closely miss the orc. The orc barely misses you.
You closely miss something.
The orc priest calls down the wrath of Beogh upon you.
Beogh smites you!
* * * LOW HITPOINT WARNING * * *
Something hits you but does no damage.
You completely miss something. Something hits you but does no damage.
The orc priest calls down the wrath of Beogh upon you.
Beogh smites you!
You die...

## .$. ....
...$.
....oo#####
...$.o{@..#####
.....o###.....#
....: #(....#
..## #.....###
# #.......#
##....#.#
#....#.#
######.#
#.#######


You could see 2 orc priests and 2 orcs.

Vanquished Creatures
  A black bear (D:5)
  A hound (D:5)
  An iguana (D:3)
  A hound skeleton (D:4)
  7 adders
  A worm (D:4)
  4 dart slugs
  An orc (D:3)
  6 ball pythons
  7 bats
  5 endoplasms
  2 giant cockroaches
  11 goblins
  6 hobgoblins
  6 kobolds
  A quokka (D:1)
  3 frilled lizards (D:1)
  2 rats
66 creatures vanquished.

Notes
Turn   | Place    | Note
-------+----------+-------------------------------------------
     0 | D:1      | southernslant the Demonspawn Fighter began the quest for
                  | the Orb.
     0 | D:1      | Reached XP level 1. HP: 18/18 MP: 1/1
   126 | D:1      | Found a faded altar of an unknown god.
   253 | D:1      | Gained mutation: You are surrounded by a mild repulsion
                  | field. (EV +2) [demonic ancestry]
   253 | D:1      | Reached XP level 2. HP: 24/24 MP: 2/2
   849 | D:2      | Reached XP level 3. HP: 29/29 MP: 3/3
   864 | D:2      | Reached skill level 1 in Dodging
   961 | D:2      | Found Xocomysab's Armour Emporium.
  2114 | D:3      | Reached skill level 1 in Stealth
  2114 | D:3      | Gained mutation: Your touch may inflict minor irresistible
                  | damage on your foes. [demonic ancestry]
  2114 | D:3      | Reached XP level 4. HP: 24/35 MP: 4/4
  2955 | D:3      | Reached skill level 1 in Throwing
  2955 | D:3      | Gained mutation: You are surrounded by a moderate repulsion
                  | field. (EV +3) [demonic ancestry]
  2955 | D:3      | Reached XP level 5. HP: 9/41 MP: 5/5
  3988 | D:5      | Entered Level 5 of the Dungeon
  4040 | D:5      | Noticed a black bear
  4048 | D:5      | Killed a black bear
  4051 | D:5      | Reached XP level 6. HP: 17/47 MP: 6/6
  4053 | D:5      | Killed from afar by an orc priest

Illustrated notes

Levels and vault maps discovered:
D:1:      nicolae_arrival_washed_ashore, layout_basic,
          hellmonk_ecumenical_altar_inner_sanctum, serial_glass,
          glass_columns_b, glass_columns_a
D:2:      layout_loops_ring, serial_shops, nicolae_shop_advertising_works
          [nicolae_subvault_shop_adworks]
D:3:      layout_loops_ring
D:4:      layout_loops_ring, item_on_display_b
D:5:      layout_basic, uniq_sigmund

Skill      XL: |  1  2  3  4  5 |
---------------+----------------+-----
Polearms       | 2 3 |  3.1
Dodging        | 1 2 |  2.2
Stealth        | 1 |  1.7
Shields        | 3 |  3.3
Armour         | 3 |  3.1
Throwing       | 1 |  1.3
Fighting       | |  3.6
Spellcasting   | |  0.5
Conjurations   | |  0.5

Action                   |  1- 3 |  4- 6 || total
-------------------------+-------+-------++-------
Melee: Trident           |   117 |   127 ||   244
  Use: Potion            |     1 |     3 ||     4
Armor: Scale mail        |    28 |    44 ||    72
Dodge: Dodged            |    38 |    78 ||   116
Block: Buckler           |    13 |    26 ||    39

Table legend: (Time is in decaauts)
 A = Elapsed time spent in this place.
 B = Non-inter-level travel time spent in this place.
 C = Inter-level travel time spent in this place.
 D = Time resting spent in this place.
 E = Time spent auto-exploring this place.
 F = Levels seen in this place.
 G = Mean time per level.
                   A        B        C        D        E       F      G
               +--------+--------+--------+--------+--------+-----+--------+
         Total |   4108 |   3951 |    157 |      0 |   3410 |   5 |  821.6 |
       Dungeon |   4108 |   3951 |    157 |      0 |   3410 |   5 |  821.6 |
               +--------+--------+--------+--------+--------+-----+--------+

Top non-repeatable levels by time:
     D:2: 1198 daAuts
     D:3: 1166 daAuts
     D:1: 858 daAuts
     D:4: 817 daAuts
     D:5: 66 daAuts
